AoeStats
← FaultierNosta

MegaRandom

506969289Analyzed
1v1 RM · 15d ago on Sep 16, 2026· 52m 27s· 2 players
Game mode
Random Map
Map size
Tiny (2 player)
Population
200
Speed
Normal
Resources
Standard
Victory
Conquest
Starting age
Dark Age
Ending age
Imperial Age
RankedLock teamsTeams togetherTeam positionsShared explorationLock speedFull tech treeHidden civsTurbo modeCheats
Victory
Defeat
🇩🇪 Vietnamese · Germany
1469
+17
🇨🇳 Inca · China
1499
-17
FaultierNosta
0:32 Loom
10:27 Feudal Age
11:21 Double-Bit Axe
11:44 Horse Collar
16:01 Fletching
16:23 Forging
21:25 Castle Age
19:36 Gold Mining
20:41 Bloodlines
20:25 Fletching
22:16 Bodkin Arrow
22:47 Bow Saw
23:15 Wheelbarrow
24:59 Husbandry
28:44 Scale Mail Armor
29:15 Hand Cart
29:23 Squires
30:29 Chain Mail Armor
32:00 Stone Mining
32:21 Heavy Plow
32:56 Man-at-Arms
34:12 Iron Casting
33:58 Long Swordsman
42:50 Arson
48:36 Imperial Age
48:20 Chatras
48:21 Town Watch
48:19 Light Cavalry
50:34 Scale Barding Armor
51:38 Hoardings
52:57 Chain Barding Armor
AOE | Wu
0:35 Loom
9:45 Feudal Age
10:16 Double-Bit Axe
11:14 Champi Runner
12:56 Scale Mail Armor
19:54 Castle Age
21:00 Chain Mail Armor
20:17 Champi Warrior
23:51 Squires
24:41 Forging
25:42 Wheelbarrow
26:00 Gold Mining
27:50 Iron Casting
29:51 Sanctity
30:00 Arson
30:41 Horse Collar
32:17 Bow Saw
33:52 Heavy Plow
34:33 Gold Shaft Mining
45:12 Imperial Age
46:24 Plate Mail Armor
46:55 Blast Furnace
45:26 Elite Champi Warrior
48:18 Pikeman
50:17 Capped Ram
Connection lost

Rejoining the realm…

Still unreachable

The connection could not be restored.

Session expired

The server has moved on; the page needs a fresh start.